AoeStats
← LionsFang41314

Arabia

509542862Analyzed
1v1 RM · 3d ago on Sep 27, 2026· 47m 14s· 2 players
Game mode
Random Map
Map size
Tiny (2 player)
Population
200
Speed
Normal
Resources
Standard
Victory
Conquest
Starting age
Dark Age
Ending age
Imperial Age
RankedLock teamsTeams togetherTeam positionsShared explorationLock speedFull tech treeHidden civsTurbo modeCheats
Victory
Defeat
🇦🇷 Mongols · Argentina
770
+14
🇨🇴 Huns · Colombia
731
-14
LionsFang41314
0:27 Loom
12:27 Feudal Age
12:30 Man-at-Arms
15:12 Wheelbarrow
26:03 Bloodlines
31:56 Castle Age
30:08 Gold Mining
31:19 Padded Archer Armor
34:37 Town Watch
36:36 Town Patrol
37:00 Hand Cart
45:00 Husbandry
moto2506
5:29 Loom
7:48 Feudal Age
18:53 Wheelbarrow
19:48 Double-Bit Axe
23:58 Castle Age
23:08 Horse Collar
25:49 Husbandry
26:39 Stone Mining
29:22 Scale Barding Armor
31:40 Squires
35:41 Chain Barding Armor
36:22 Gold Mining
37:47 Town Watch
39:58 Hand Cart
43:13 Imperial Age
46:47 Padded Archer Armor
46:38 Fletching
47:16 Bow Saw
Connection lost

Rejoining the realm…

Still unreachable

The connection could not be restored.

Session expired

The server has moved on; the page needs a fresh start.